 Dungeon Crawl Stone Soup version 0.22-a0-266-g5fdf0d7 (webtiles) character file.

686 kuniqs the Covered (level 7, -9/64 HPs)
             Began as a Deep Dwarf Fighter on Mar 8, 2018.
             Killed by divine providence
             ... invoked by an orc priest
              (12 damage)
             ... on level 4 of the Dungeon.
             The game lasted 00:04:44 (2969 turns).

kuniqs the Covered (Deep Dwarf Fighter)             Turns: 2969, Time: 00:04:45

Health: -9/64      AC:  7    Str: 22    XL:     7   Next: 35%
Magic:  0/0        EV:  9    Int:  8    God:
Gold:   142        SH: 10    Dex: 12    Spells: 6/6 levels left

rFire    . . .     SeeInvis .   h - +1 flail (venom)
rCold    . . .     Gourm    .   c - +0 shield
rNeg     . . .     Faith    .   b - +0 scale mail
rPois    .         Spirit   .   (no helmet)
rElec    .         Reflect  .   (no cloak)
rCorr    .         Harm     .   (no gloves)
MR       +....                  (no boots)
Stlth    ..........             (no amulet)
HPRegen  0.00/turn              (no ring)
MPRegen  0.07/turn              (no ring)

@: non-regenerating
A: damage resistance, heal wounds, sense surroundings 1, no regeneration
a: Heal Wounds


You were on level 4 of the Dungeon.
You were not hungry.

You visited 1 branch of the dungeon, and saw 4 of its levels.

You collected 142 gold pieces.

Inventory:

Hand Weapons
 a - a +0 war axe
 h - a +1 flail of venom (weapon)
Armour
 b - a +0 scale mail (worn)
 c - a +0 shield (worn)
Scrolls
 e - 2 scrolls of enchant weapon
 l - a scroll of immolation {unknown}
 m - a scroll of teleportation {unknown}
 p - a scroll of enchant armour {unknown}
Potions
 d - a potion of might
 i - a potion of curing {@q1}
 j - a potion of resistance
 k - a potion of magic {unknown}
 n - a potion of ambrosia {unknown}
 o - 2 potions of flight {unknown}
Comestibles
 f - 7 rations
 g - 13 chunks of flesh


   Skills:
 + Level 4.2 Fighting
 + Level 4.4 Axes
 + Level 5.1 Armour
 + Level 3.7 Dodging
 + Level 5.1 Shields


You had 6 spell levels left.
You didn't know any spells.

Dungeon Overview and Level Annotations

Branches:
Dungeon (4/15)
 Temple: D:4-7

Altars:
Ashenzari
Cheibriados
Fedhas
Qazlal
Sif Muna
Trog
Uskayaw
Yredelemnul
Zin
The Shining One


Innate Abilities, Weirdness & Mutations

You are resistant to damage.
You can heal yourself by infusing magical energy.
You passively map a small area around you.
You do not regenerate.


Message History

The orc priest calls down the wrath of Beogh upon you.
Beogh smites you!
A magic dart appears from out of thin air!
The magic dart hits you!
The orc throws a steel tomahawk.
The steel tomahawk closely misses you.
You hit the orc priest.
The orc priest is poisoned.
The orc priest invokes the aid of Beogh against you.
Beogh smites you!
* * * LOW HITPOINT WARNING * * *
A magic dart appears from out of thin air!
The magic dart hits you!
* * * LOW HITPOINT WARNING * * *
The orc throws a steel tomahawk.
You block the steel tomahawk.
The orc priest hits you with a morningstar.
* * * LOW HITPOINT WARNING * * *
You hear some strange, mumbled words.
Something tries to affect you, but you resist.
The orc priest mumbles some strange prayers to Beogh against you.
Beogh smites you!
You die...

#....##.#
#............#).##.....
........#
#..###.....)_#..#......
.....# ####..#
#.......#......... .....#
#.....####................
#.....#..###.........###....
, ,...#..###O{##.8.8.8(..#
#.... . oo.#
##o##.......#.######. ,
..###* #o(##....###..# ##
#,,* ##.@...### ##.# # * *
###.(### #.# # *, * , #...##
##.## # , * *#.#..# #...# #
,., #....# #...# #.....#.#
#...# ##...##.# ###...# * *
.....#*#.# ##.....# ## ,
##....##.# ##..#...# #.


You could see an ogre, an orc priest and an orc.

Vanquished Creatures
  Sigmund (D:2)
  A scorpion (D:3)
  2 orc priests
  Terence (D:2)
  Natasha (thrice) (D:2)
  3 orc wizards
  A worker ant (D:4)
  A howler monkey zombie (D:3)
  9 adders
  3 gnolls (D:4)
  2 worms
  A dart slug (D:3)
  A leopard gecko (D:1)
  14 orcs
  7 bats
  3 giant cockroaches
  2 goblins (D:3)
  11 hobgoblins
  3 jackals (D:1)
  6 kobolds
  A quokka (D:2)
  A ball python (D:3)
  4 frilled lizards
  9 rats
90 creatures vanquished.

Notes
Turn   | Place    | Note
-------+----------+-------------------------------------------
     0 | D:1      | kuniqs the Deep Dwarf Fighter began the quest for the Orb.
     0 | D:1      | Reached XP level 1. HP: 20/20 MP: 1/1
   235 | D:1      | Reached XP level 2. HP: 27/27 MP: 2/2
   434 | D:1      | Reached skill level 1 in Dodging
   988 | D:2      | Reached XP level 3. HP: 31/34 MP: 3/3
  1176 | D:2      | Noticed Natasha
  1192 | D:2      | Killed Natasha
  1192 | D:2      | Reached XP level 4. HP: 33/42 MP: 3/3
  1257 | D:2      | Noticed Terence
  1279 | D:2      | Killed Terence
  1282 | D:2      | Noticed Natasha
  1288 | D:2      | Killed Natasha
  1311 | D:2      | Noticed Sigmund
  1319 | D:2      | Reached XP level 5. HP: 39/49 MP: 4/4
  1347 | D:2      | Killed Sigmund
  1347 | D:2      | Reached XP level 6. HP: 51/57 MP: 4/4
  1461 | D:2      | Noticed Natasha
  1474 | D:2      | Killed Natasha
  1847 | D:3      | Found a shattered altar of Ashenzari.
  1848 | D:3      | Found a deep blue altar of Sif Muna.
  1855 | D:3      | Found a stormy altar of Qazlal.
  1857 | D:3      | Found a glowing golden altar of the Shining One.
  1858 | D:3      | Found a bloodstained altar of Trog.
  1860 | D:3      | Found a blossoming altar of Fedhas.
  1861 | D:3      | Found a basalt altar of Yredelemnul.
  2374 | D:3      | Found a snail-covered altar of Cheibriados.
  2572 | D:3      | Found a glowing silver altar of Zin.
  2667 | D:4      | Reached XP level 7. HP: 45/64 MP: 3/3
  2692 | D:4      | Found a hide-covered altar of Uskayaw.
  2696 | D:4      | Reached skill level 5 in Armour
  2824 | D:4      | Reached skill level 5 in Shields
  2968 | D:4      | HP: 3/64 [orc priest/morningstar (4)]
  2969 | D:4      | Killed from afar by an orc priest

Vault maps used:
D:1:      dpeg_arrival_water_fire
D:2:      uniq_terence, uniq_sigmund, uniq_natasha
D:3:      lemuel_round_altar, minitemple, kennysheep_slug_shrine
D:4:      eat_drink_and_be_merry_uskayaw, hangedman_abyss_or_decor_lesser_grid

Skill      XL: |  1  2  3  4  5  6  7 |
---------------+----------------------+-----
Dodging        | 1 2 3 |  3.7
Fighting       | 3 4 |  4.2
Axes           | 3 4 |  4.4
Armour         | 4 5 |  5.1
Shields        | 4 5 |  5.1

Action                   |  1- 3 |  4- 6 |  7- 9 || total
-------------------------+-------+-------+-------++-------
Melee: War axe           |    70 |   114 |       ||   184
       Flail             |       |    91 |    54 ||   145
 Abil: Heal Wounds       |     1 |     6 |     4 ||    11
  Use: Scroll            |       |     3 |       ||     3
       Potion            |       |     1 |     1 ||     2
  Eat: Chunk             |     1 |     5 |     1 ||     7
Armor: Scale mail        |    32 |    70 |    21 ||   123
Dodge: Dodged            |    21 |    56 |    24 ||   101
Block: Shield            |    34 |    89 |    38 ||   161

Table legend:
 A = Spawn XP
 B = Non-spawn XP
 C = Spawn XP percentage of total XP
 D = Spawn monster count
 E = Non-spawn monster count
 F = Spawn count percentage of total count
 G = Total turns spent on level
                    A         B        C        D         E        F      G
               +---------+---------+-------+---------+---------+-------+---------
         Total |       0 |     981 |   0.0 |       0 |      90 |   0.0 |  2969
               +---------+---------+-------+---------+---------+-------+---------
           D:1 |       0 |      37 |   0.0 |       0 |      20 |   0.0 |   970
           D:2 |       0 |     425 |   0.0 |       0 |      17 |   0.0 |   836
           D:3 |       0 |     260 |   0.0 |       0 |      36 |   0.0 |   833
           D:4 |       0 |     259 |   0.0 |       0 |      17 |   0.0 |   330
               +---------+---------+-------+---------+---------+-------+---------
